 Dungeon Crawl Stone Soup version 0.29-a0-409-gd843f3a48c (webtiles) character file.

Game seed: 11926653930508300360

4725 deadleaves the Zephyrmancer (level 10, -5/61 HPs)
             Began as a Deep Elf Summoner on May 13, 2022.
             Was an Initiate of Ashenzari.
             Slain by a wyvern (16 damage)
             ... on level 8 of the Dungeon on May 14, 2022.
             The game lasted 00:45:18 (8181 turns).

deadleaves the Zephyrmancer (Deep Elf Summoner)     Turns: 8181, Time: 00:45:19

Health: -5/61      AC:  6    Str:  5    XL:     10   Next: 22%
Magic:  7/19       EV: 18    Int: 25    God:    Ashenzari [......]
Gold:   60         SH:  0    Dex: 15    Spells: 3/19 levels left

rFire   . . .      SeeInvis .   E - +7 Throatcutter {drain, coup de grace}
rCold   . . .      Faith    .   (no shield)
rNeg    . . .      Spirit   .   v - +0 steam dragon scales
rPois   +          Reflect  .   (no helmet)
rElec   .          Harm     .   h - +0 cloak "Sidereal Regret" {Bglg, Fort} (curse)
rCorr   .          Rampage  .   (no gloves)
Will    +....                   (no boots)
Stlth   ++........              (no amulet)
HPRegen 0.20/turn               u - ring of poison resistance
MPRegen 0.16/turn               B - +4 ring of evasion

@: lethally poisoned (-5 -> -12)
A: hooves 1, robust 1, subdued magic 1
a: Renounce Religion, Shatter the Chains


You were on level 8 of the Dungeon.
You worshipped Ashenzari.
Ashenzari was noncommittal.
You visited 2 branches of the dungeon, and saw 9 of its levels.
You also visited: Sewer.

You collected 424 gold pieces.
You spent 364 gold pieces at shops.

Inventory:

Hand Weapons
 t - the +10 fustibalus "Avaur" {freeze, Fly rC+ Int+4 Dex+2}
   (You acquired it on level 8 of the Dungeon)

   Any ammunition fired from it freezes those it strikes, dealing additional
   cold damage.
   It can also slow down cold-blooded creatures.
   Int:       It affects your intelligence (+4).
   Dex:       It affects your dexterity (+2).
   rC:        It protects you from cold.
   Fly:       It grants you flight.
 E - the +7 Throatcutter (weapon) {drain, coup de grace}
   (You found it on level 7 of the Dungeon)

   A truly terrible weapon, it drains the life of any living foe it strikes.
   It may instantly kill foes which have little health.
Armour
 h - the cursed +0 cloak "Sidereal Regret" (worn) {Bglg, Fort}
   (You found it on level 2 of the Dungeon)

   It has a curse which improves the following skills: Beguiling: Conjurations,
   Hexes and Translocations.
   Fortitude: Armour and Shields.
 p - a scarf of invisibility
 v - +0 steam dragon scales (worn)
Jewellery
 u - a ring of poison resistance (left hand)
 B - a +4 ring of evasion (right hand)
Wands
 o - a wand of digging (9)
 w - a wand of flame (18)
 G - a wand of iceblast (9)
 I - a wand of acid (10)
Scrolls
 c - a scroll of poison
 d - 2 scrolls of immolation
 e - a scroll of brand weapon
 g - a scroll of summoning
 j - 3 scrolls of teleportation
 m - a scroll of amnesia
 n - 2 scrolls of fear
 q - 2 scrolls of enchant armour {unknown}
 x - a scroll of enchant weapon {unknown}
 y - 2 scrolls of vulnerability
 z - a scroll of torment {unknown}
 F - a scroll of fog {unknown}
 H - a scroll of magic mapping
Potions
 a - a potion of curing {unknown}
 b - a potion of magic
 f - a potion of heal wounds
 i - 3 potions of cancellation
 k - 9 potions of flight
 l - 2 potions of lignification {unknown}
 r - 4 potions of attraction
 s - a potion of berserk rage {unknown}
 A - 2 potions of resistance
 C - a potion of haste {unknown}
 D - 3 potions of brilliance


   Skills:
 - Level 3.1 Fighting
 - Level 3.0 Long Blades
 + Level 0.0 Slings
 - Level 5.1 Dodging
 - Level 2.7 Stealth
 - Level 5.1 Spellcasting
 - Level 3.6(4.0) Conjurations
 - Level 9.3 Summonings
 - Level 10.1 Air Magic


You had 3 spell levels left.
You knew the following spells:

 Your Spells              Type           Power      Damage    Failure   Level
a - Summon Lightning Spi  Summ/Air       42%        N/A       1%          4
b - Call Imp              Summ           40%        N/A       1%          2
c - Call Canine Familiar  Summ           40%        N/A       1%          3
d - Orb of Destruction    Conj           10%        9d6       100%        7

Your spell library contained the following spells:

 Spells                   Type           Power      Damage    Failure   Level
 Summon Small Mammal      Summ           100%       N/A       1%          1
 Swiftness                Air            43%        N/A       1%          3
 Summon Guardian Golem    Hex/Summ       23%        N/A       2%          3
 Slow                     Hex            20%        N/A       7%          1
 Blink                    Tloc           10%        N/A       10%         2
 Ensorcelled Hibernation  Hex/Ice        8%         N/A       10%         2
 Passwall                 Tmut/Erth      3%         N/A       10%         2
 Sublimation of Blood     Necr           4%         N/A       10%         2
 Confusing Touch          Hex            5%         N/A       21%         3
 Lesser Beckoning         Tloc           5%         N/A       21%         3
 Ozocubu's Armour         Ice            4%         N/A       21%         3
 Vampiric Draining        Necr           4%         2d6       21%         3
 Petrify                  Tmut/Erth      4%         N/A       58%         4
 Irradiate                Conj/Tmut      6%         3d15      65%         5
 Manifold Assault         Tloc           5%         N/A       90%         5
 Yara's Violent Unravell  Hex/Tmut       2%         3d3       90%         5
 Spellforged Servitor     Conj/Summ      15%        N/A       99%         7
 Enfeeble                 Hex            2%         N/A       100%        7
 Ozocubu's Refrigeration  Ice            2%         4d5       100%        7


Dungeon Overview and Level Annotations

Branches:
Dungeon (8/15)             Temple (1/1) D:6           Sewer (visited)
   Lair: D:8-11

Altars:
Ashenzari
Cheibriados
Gozag
Nemelex Xobeh
Ru
Sif Muna
Trog
Uskayaw
Vehumet
Wu Jian
Xom
Yredelemnul
Zin
The Shining One

Shops:
D:2 [   D:5 *   D:6 !   D:8 ?

Annotations:
D:3 4 transporters, Foxy's ghost, amateur PaBe


Innate Abilities, Weirdness & Mutations

You have large cloven feet.
You are robust. (+10% HP)
Your spells are a little easier to cast, but a little less powerful.


Message History

Your punch misses the hornet.
The hornet is heavily wounded.
The hornet stings you!
You are poisoned.
The iguana bites your lightning spire but does no damage.
The hornet misses you.
Casting: Summon Lightning Spire (dangerous; 1% risk of failure)
Confirm with . or Enter, or press ? or * to list all spells.
A beastly little devil appears in a puff of flame.
You feel sick. The wyvern closely misses you. The hornet misses you.
The iguana bites your lightning spire.
Casting: Call Imp (safe; 1% risk of failure)
Confirm with . or Enter, or press ? or * to list all spells.
You feel sick. The wyvern completely misses you. The hornet closely misses you.
The wyvern misses you. The hornet stings you!
The iguana completely misses your lightning spire.
You closely miss the hornet.
The hornet is heavily wounded.
You feel sick. The wyvern barely misses you. The hornet closely misses you.
Your hound closely misses the hornet.
The iguana bites your lightning spire. The wyvern closely misses you.
The hornet closely misses you.
Your hound closely misses the hornet.
Unknown command.
The hornet attacks as you move away! The hornet stings you!
You are more poisoned.
The wyvern attacks as you move away! The wyvern bites you!
* * * LOW HITPOINT WARNING * * *
You feel sick. The wyvern bites your hound!!
Your hound dies!
Your hound's corpse disappears in a puff of smoke!
The iguana bites your lightning spire but does no damage.
Your crimson imp hits the hornet.
Casting: Call Canine Familiar (safe; 1% risk of failure)
Confirm with . or Enter, or press ? or * to list all spells.
You feel very sick.
The hornet barely misses your crimson imp.
The iguana bites your lightning spire.
Your crimson imp barely misses the hornet.
The wyvern bites you!
You die...

### #... #...####
#....l5# ##...ly@###+##
.....(.. .....8........#
......#. ....l....h....#
#.......
..............####.......
..............##.........
....#.........##.#.#..>..
....#.................###
.. ########+#........##.
#####.#.....#..#..


You could see a basilisk, a hornet (distracted, ally target), a wyvern, an
iguana, a friendly lightning spire (summoned), a friendly hound (summoned) and a
friendly crimson imp (summoned).

Vanquished Creatures
  Pikel (D:5)
  A yak (D:7)
  2 steam dragons
  An ice beast (D:7)
  2 kobold brigands
  2 scorpions
  A howler monkey (D:6)
  3 orc priests (D:7)
  2 hounds
  3 orc wizards
  3 adders
  A river rat (Sewer)
  2 shadow imps (D:7)
  An ufetubus (D:5)
  6 orcs
  6 endoplasms
  2 giant cockroaches
  2 goblins (D:2)
  2 hobgoblins
  3 jackals
  A quokka (D:2)
  5 ball pythons
  5 bats
  A frilled lizard (D:1)
  4 kobolds
62 creatures vanquished.

Vanquished Creatures (collateral kills)
  A troll (D:5)
  Grinder (D:5)
  6 water moccasins
  An orc warrior (D:7)
  A black bear (D:6)
  2 ogres
  A phantom (D:6)
  2 bullfrogs
  4 scorpions
  9 wights (D:7)
  A howler monkey (D:5)
  7 hounds
  A jelly (D:5)
  A gnoll shaman (D:7)
  3 orc priests
  3 iguanas
  Ijyb (D:3)
  3 orc wizards
  10 adders
  3 gnolls (D:3)
  5 river rats (Sewer)
  2 shadow imps
  5 worms
  2 dart slugs
  18 orcs
  3 endoplasms
  4 giant cockroaches
  3 goblins
  5 hobgoblins
  6 jackals
  A quokka (Sewer)
  4 ball pythons
  5 bats
  A frilled lizard (D:3)
  11 kobolds
136 creatures vanquished.

Vanquished Creatures (others)
  3 plants (D:8)
3 creatures vanquished.

Grand Total: 201 creatures vanquished

Notes
Turn   | Place    | Note
-------+----------+-------------------------------------------
     0 | D:1      | deadleaves the Deep Elf Summoner began the quest for the
                  | Orb.
     0 | D:1      | Reached XP level 1. HP: 10/10 MP: 6/6
    77 | D:1      | Reached XP level 2. HP: 7/15 MP: 6/8
   221 | D:1      | Learned a level 2 spell: Call Imp
   613 | D:2      | Found Aloginox's Antique Armour Shop.
   704 | D:2      | Found a glowing golden altar of the Shining One.
   727 | D:2      | Reached XP level 3. HP: 19/19 MP: 5/10
  1387 | D:2      | Learned a level 3 spell: Call Canine Familiar
  1519 | D:3      | Found a transporter.
  1523 | D:3      | Reached skill level 5 in Summonings
  1523 | D:3      | Reached XP level 4. HP: 18/24 MP: 4/12
  1596 | D:3      | Noticed Foxy's ghost (amateur PaBe)
  1597 | D:3      | Found a transporter.
  1665 | D:3      | Noticed Ijyb
  1687 | D:3      | Killed Ijyb
  1862 | D:3      | Reached XP level 5. HP: 19/28 MP: 10/14
  2064 | D:3      | Found a transporter.
  2070 | D:3      | Learned a level 4 spell: Summon Lightning Spire
  2074 | D:3      | Found a transporter.
  2133 | D:3      | Reached skill level 5 in Spellcasting
  2465 | D:3      | You fall into a shaft and drop 1 floor!
  2751 | D:4      | Found a glowing golden altar of the Shining One.
  2791 | D:4      | Reached XP level 6. HP: 9/32 MP: 9/15
  2992 | D:4      | Reached skill level 5 in Dodging
  3162 | D:4      | Reached skill level 1 in Air Magic
  3568 | D:4      | Reached skill level 2 in Air Magic
  3591 | D:4      | Reached skill level 3 in Air Magic
  3694 | D:5      | Entered Level 5 of the Dungeon
  3694 | D:5      | Noticed Pikel
  3709 | D:5      | Noticed Grinder
  3718 | D:5      | Killed Grinder
  3719 | D:5      | Reached skill level 5 in Air Magic
  3719 | D:5      | Reached XP level 7. HP: 36/36 MP: 7/16
  3893 | D:5      | Reached skill level 6 in Air Magic
  3900 | D:5      | Reached XP level 8. HP: 26/41 MP: 12/17
  4035 | D:5      | Killed Pikel
  4036 | D:5      | Reached skill level 8 in Air Magic
  4412 | D:5      | Found Gezixit's Serpentskin Sales.
  4419 | D:5      | Reached skill level 9 in Air Magic
  4527 | D:5      | Noticed a troll
  4534 | D:5      | Killed a troll
  4535 | D:5      | Reached skill level 10 in Air Magic
  4535 | D:5      | Reached XP level 9. HP: 45/45 MP: 9/18
  5066 | D:6      | Found a staircase to the Ecumenical Temple.
  5089 | D:6      | Found Arphyhio's Distillery.
  5160 | D:6      | Found a glowing drain.
  5176 | Sewer    | Entered a sewer
  6149 | Temple   | Entered the Ecumenical Temple
  6174 | Temple   | Became a worshipper of Ashenzari the Shackled
  6217 | D:6      | Bought a potion of cancellation for 96 gold pieces
  6217 | D:6      | Bought a potion of brilliance for 48 gold pieces
  6217 | D:6      | Bought a potion of mutation for 96 gold pieces
  6217 | D:6      | Bought a potion of attraction for 36 gold pieces
  6217 | D:6      | Gained mutation: You are dopey. (Int -2) [potion of
                  | mutation]
  6217 | D:6      | Gained mutation: Your magical capacity is low. (-10% MP)
                  | [potion of mutation]
  6217 | D:6      | Gained mutation: You have a pair of small horns on your
                  | head. [potion of mutation]
  6218 | D:6      | Lost mutation: You have a pair of small horns on your head.
                  | [potion of mutation]
  6218 | D:6      | Lost mutation: You are dopey. (Int -2) [potion of mutation]
  6218 | D:6      | Lost mutation: Your magical capacity is low. (-10% MP)
                  | [potion of mutation]
  6218 | D:6      | Gained mutation: You have large cloven feet. [potion of
                  | mutation]
  6218 | D:6      | Gained mutation: Your spells are a little easier to cast,
                  | but a little less powerful. [potion of mutation]
  6218 | D:6      | Gained mutation: You are robust. (+10% HP) [potion of
                  | mutation]
  6371 | D:6      | Found a glowing silver altar of Zin.
  6696 | D:7      | Learned a level 7 spell: Orb of Destruction
  6712 | D:7      | Reached skill level 1 in Conjurations
  6799 | D:7      | Found the +7 Throatcutter {drain, coup de grace}
  6802 | D:7      | Found an opulent altar of Gozag.
  6862 | D:7      | Reached skill level 1 in Long Blades
  6863 | D:7      | Reached skill level 1 in Fighting
  6983 | D:7      | Reached XP level 10. HP: 29/58 MP: 6/19
  7000 | D:7      | Noticed a two-headed ogre
  7900 | D:7      | Identified the +5 quarterstaff of Youthful Indiscretion
                  | {freeze, rN+}
  7990 | D:8      | Found Bautaria's Magic Scroll Boutique.
  8004 | D:8      | Bought a scroll of magic mapping for 56 gold pieces
  8004 | D:8      | Bought a scroll of identify for 32 gold pieces
  8004 | D:8      | Identified a scroll of acquirement
  8005 | D:8      | Acquired the +10 fustibalus "Avaur" {freeze, Fly rC+ Int+4
                  | Dex+2}
  8181 | D:8      | Slain by a wyvern

Illustrated notes

Levels and vault maps discovered:
D:1:      amcnicky_arrival_double_pillar, layout_rooms
D:2:      layout_basic, basic_altar, serial_shops, shop
D:3:      gammafunk_wand_slinger, layout_loops_ring, gammafunk_ghost_arena,
          nicolae_ecumenical_snake_handling, uniq_ijyb, uniq_robin, uniq_sigmund
D:4:      layout_loops_ring, nicolae_overflow_crystal_walls, minmay_crossroads
D:5:      layout_cave_pools, guppyfry_shop_venom, uniq_grinder, uniq_pikel
D:6:      layout_rooms, zin_scriptorium, temple_doors_cd, portal_sewer_entry_d,
          serial_shops, shop_fountains
D:7:      layout_basic, nicolae_gozag_cash_rules_everything_around_me,
          minmay_joined_circles
D:8:      layout_basic, minmay_lair_entry_grove, serial_shops, shop_statue,
          nicolae_stop_n_shop_2, shop, nicolae_shop_waterfront,
          nicolae_lakefront_shop
Temple:   minmay_freezing_vapour_temple

Skill      XL: |  1  2  3  4  5  6  7  8  9 10 |
---------------+-------------------------------+-----
Dodging        | 3 4 5 |  5.1
Spellcasting   | 4 5 |  5.1
Summonings     | 5 6 9 |  9.3
Air Magic      | 5 6 10 | 10.1
Conjurations   | 1 3 |  3.6
Long Blades    | 2 3 |  3.0
Fighting       | 2 3 |  3.1
Stealth        | |  2.7

Action                   |  1- 3 |  4- 6 |  7- 9 | 10-12 || total
-------------------------+-------+-------+-------+-------++-------
Melee: Short sword       |    59 |    34 |       |       ||    93
       Punch             |     1 |       |       |       ||     1
       Dagger            |       |    10 |    74 |       ||    84
       Long sword        |       |       |    14 |    27 ||    41
       Kick              |       |       |     8 |     7 ||    15
 Fire: Fustibalus        |       |       |       |     9 ||     9
 Cast: Summon Small Mamm |     8 |     2 |       |       ||    10
       Call Imp          |    15 |    13 |    23 |     6 ||    57
       Call Canine Famil |     2 |    13 |    24 |     7 ||    46
       Summon Lightning  |       |     1 |    24 |     7 ||    32
Invok: Curse Item        |       |       |       |     1 ||     1
Evoke: Wand              |       |     5 |       |       ||     5
  Use: Scroll            |     2 |     1 |     3 |     5 ||    11
       Potion            |       |       |     4 |       ||     4
 Stab: Sleeping          |       |     5 |     2 |       ||     7
       Distracted        |       |       |     2 |     2 ||     4
Armor: Robe              |     8 |    11 |    18 |       ||    37
       Steam dragon scal |       |       |       |     5 ||     5
Dodge: Dodged            |    47 |    31 |    82 |    41 ||   201

Table legend: (Time is in decaauts)
 A = Elapsed time spent in this place.
 B = Non-inter-level travel time spent in this place.
 C = Inter-level travel time spent in this place.
 D = Time resting spent in this place.
 E = Time spent auto-exploring this place.
 F = Levels seen in this place.
 G = Mean time per level.
                   A        B        C        D        E       F      G
               +--------+--------+--------+--------+--------+-----+--------+
         Total |   8420 |   8302 |    118 |   1996 |   4077 |  10 |  842.0 |
       Dungeon |   7246 |   7129 |    117 |   1867 |   3456 |   8 |  905.8 |
        Temple |     30 |     30 |      0 |      0 |      0 |   1 |   30.0 |
         Sewer |   1142 |   1142 |      0 |    129 |    621 |   1 | 1142.0 |
               +--------+--------+--------+--------+--------+-----+--------+

Top non-repeatable levels by time:
     D:7: 1403 daAuts
     D:4: 1321 daAuts
   Sewer: 1142 daAuts
     D:3: 1026 daAuts
     D:5: 1021 daAuts
     D:2: 917 daAuts
     D:6: 830 daAuts
     D:1: 528 daAuts
     D:8: 197 daAuts
  Temple: 30 daAuts
